 Dungeon Crawl Stone Soup version 0.24.0-123-gd5b16e6ec5 (webtiles) character file.

Game seed: 11455731219255957139, levelgen mode: deterministic

2683 Curus the Spear-Bearer (level 9, -1/73 HPs)
             Began as a Minotaur Fighter on Dec 30, 2019.
             Was a Believer of Makhleb.
             Slain by a cyan ugly thing (16 damage)
             ... on level 7 of the Dungeon.
             The game lasted 00:24:17 (4989 turns).

Curus the Spear-Bearer (Minotaur Fighter)           Turns: 4989, Time: 00:24:18

Health: -1/73      AC: 13    Str: 21    XL:     9   Next: 37%
Magic:  0/8        EV:  4    Int:  7    God:    Makhleb [**....]
Gold:   257        SH:  9    Dex: 11    Spells: 8/8 levels left

rFire    . . .     SeeInvis +   a - +1 trident
rCold    + . .     Gourm    .   c - +0 shield
rNeg     . . .     Faith    .   D - +0 plate armour
rPois    .         Spirit   +   (helmet restricted)
rElec    .         Reflect  .   (no cloak)
rCorr    .         Harm     .   (no gloves)
MR       .....                  i - +0 pair of boots
Stlth    ..........             g - amulet of guardian spirit
HPRegen  0.22/turn              l - ring of see invisible
MPRegen  0.11/turn              w - ring of protection from cold

@: hasted, very quick
A: retaliatory headbutt, horns 2
a: Minor Destruction, Renounce Religion


You were on level 7 of the Dungeon.
You worshipped Makhleb.
Makhleb was pleased with you.
You were not hungry.

You visited 1 branch of the dungeon, and saw 7 of its levels.
You also visited: Sewer.

You collected 257 gold pieces.

Inventory:

Hand Weapons
 a - a +1 trident (weapon)
Armour
 b - a +0 scale mail
 c - a +0 shield (worn)
 i - a +0 pair of boots (worn)
 x - a +0 chain mail
 D - a +0 plate armour (worn)
Jewellery
 g - an amulet of guardian spirit (around neck)
 h - an uncursed ring of flight
 l - a ring of see invisible (left hand)
 p - an uncursed ring of protection from fire
 q - an uncursed ring of ice
 v - an uncursed ring of resist corrosion
 w - a ring of protection from cold (right hand)
 y - an uncursed amulet of the acrobat
Wands
 n - a wand of flame (36)
 o - a wand of iceblast (4)
Scrolls
 e - 6 scrolls of identify
 k - a scroll of magic mapping
 r - 2 scrolls of noise
 s - 3 scrolls of teleportation
 A - a scroll of remove curse
Potions
 d - a potion of agility
 j - a potion of haste
 m - 3 potions of curing
 t - 3 potions of flight
 z - a potion of invisibility
 B - a potion of resistance
 E - a potion of brilliance
Comestibles
 f - 7 rations
 C - a chunk of flesh


   Skills:
 + Level 4.9 Fighting
 - Level 14.1 Polearms
 + Level 4.9 Armour
 - Level 3.6 Shields


You had 8 spell levels left.
You didn't know any spells.
Your spell library was empty.

Dungeon Overview and Level Annotations

Branches:
Dungeon (7/15)             Temple (0/1) D:6           Sewer (visited)

Altars:
Elyvilon
Makhleb
Nemelex Xobeh
Vehumet
Yredelemnul
The Shining One

Shops:
D:4 (   D:5 %


Innate Abilities, Weirdness & Mutations

You reflexively headbutt those who attack you in melee.
You have a pair of horns on your head.


Message History

The cyan ugly thing is severely wounded.
You puncture the cyan ugly thing!
The cyan ugly thing is almost dead.
You hit the cyan ugly thing but do no damage.
The cyan ugly thing is almost dead.
You block the cyan ugly thing's attack.
You hit the cyan ugly thing but do no damage.
The cyan ugly thing is almost dead.
Your shield and plate armour prevent you from hitting the cyan ugly thing.
You headbutt the cyan ugly thing.
The cyan ugly thing is almost dead.
The cyan ugly thing kicks you but does no damage.
You closely miss the cyan ugly thing.
The cyan ugly thing is almost dead.
You closely miss the cyan ugly thing.
The cyan ugly thing is almost dead.
The cyan ugly thing kicks you!
* * * LOW HITPOINT WARNING * * *
The cyan ugly thing shocks you!
You die...

####### ####### #......
#.....# #...... #.....#
.....$.#######.....#
......u@...........#
#......######......#
#......######......#
...................#
#.........###......#####
.......................>
####### #.#+##..#######.
#.....#)## #.....#..#


You could see a cyan ugly thing.

Vanquished Creatures
  Pikel (D:3)
  An ogre (D:3)
  2 phantoms
  A sky beast (D:6)
  A black bear (D:6)
  4 orc warriors
  A centaur (D:6)
  A big kobold (Sewer)
  2 bullfrogs (D:6)
  4 howler monkeys
  2 bullfrog zombies
  A crimson imp (D:7)
  4 hounds
  7 orc wizards
  3 orc priests
  A jelly (D:7)
  2 iguanas
  4 worker ants
  A hound skeleton (D:7)
  5 gnolls
  A howler monkey skeleton (D:4)
  9 adders
  3 river rats (Sewer)
  A shadow imp (D:6)
  2 oozes
  An adder zombie (D:5)
  4 worms
  2 dart slugs
  3 leopard geckos
  19 orcs
  A ball python (D:1)
  13 bats
  11 giant cockroaches
  7 goblins
  5 hobgoblins
  6 kobolds
  2 quokkas
  3 frilled lizards
  A giant cockroach zombie (D:5)
  2 gnoll zombies (D:5)
  13 rats
157 creatures vanquished.

Vanquished Creatures (others)
  A gnoll (D:4)
1 creature vanquished.

Grand Total: 158 creatures vanquished

Notes
Turn   | Place    | Note
-------+----------+-------------------------------------------
     0 | D:1      | Curus the Minotaur Fighter began the quest for the Orb.
     0 | D:1      | Reached XP level 1. HP: 19/19 MP: 0/0
   234 | D:1      | Reached skill level 3 in Polearms
   280 | D:1      | Reached XP level 2. HP: 26/26 MP: 1/1
   815 | D:2      | Reached skill level 4 in Polearms
   815 | D:2      | Reached XP level 3. HP: 15/31 MP: 2/2
   927 | D:2      | Reached skill level 5 in Polearms
  1083 | D:2      | Found a sparkling altar of Nemelex Xobeh.
  1142 | D:2      | Reached XP level 4. HP: 17/39 MP: 1/3
  1503 | D:2      | Found a glowing golden altar of the Shining One.
  1999 | D:3      | Found a burning altar of Makhleb.
  2004 | D:3      | Reached skill level 6 in Polearms
  2013 | D:3      | Became a worshipper of Makhleb the Destroyer
  2063 | D:3      | Reached XP level 5. HP: 45/45 MP: 4/4
  2519 | D:4      | Reached skill level 7 in Polearms
  2527 | D:4      | Noticed a slave
  2528 | D:4      | Noticed a slave
  2529 | D:4      | Noticed Pikel
  2530 | D:4      | Noticed an ogre
  2531 | D:4      | Noticed a slave
  2534 | D:4      | Noticed a slave
  2550 | D:3      | Killed an ogre
  2550 | D:3      | Reached XP level 6. HP: 26/51 MP: 2/5
  2556 | D:3      | Killed Pikel
  2556 | D:3      | Reached skill level 10 in Polearms
  2556 | D:3      | Reached XP level 7. HP: 26/57 MP: 1/6
  2700 | D:4      | Reached * piety under Makhleb
  2864 | D:4      | Found Tivuman's Weapon Emporium.
  3228 | D:5      | Entered Level 5 of the Dungeon
  3261 | D:5      | Found a glowing drain.
  3275 | D:5      | Reached skill level 11 in Polearms
  3302 | D:5      | Reached XP level 8. HP: 58/64 MP: 7/7
  3312 | Sewer    | Entered a sewer
  3409 | Sewer    | Found a glowing silver altar of Zin.
  3625 | D:5      | Found a basalt altar of Yredelemnul.
  3745 | D:5      | Reached skill level 12 in Polearms
  3881 | D:5      | Found Teeqeger's Food Shoppe.
  4079 | D:6      | Reached ** piety under Makhleb
  4122 | D:6      | Reached skill level 13 in Polearms
  4216 | D:6      | Found a staircase to the Ecumenical Temple.
  4252 | D:6      | Found a radiant altar of Vehumet.
  4602 | D:6      | Reached XP level 9. HP: 66/70 MP: 8/8
  4668 | D:6      | Found a white marble altar of Elyvilon.
  4806 | D:6      | Reached skill level 14 in Polearms
  4965 | D:7      | Noticed a cyan ugly thing
  4989 | D:7      | Slain by a cyan ugly thing

Levels and vault maps discovered:
D:1:      dpeg_arrival_three_smaller_balls, layout_basic
D:2:      layout_rooms, lemuel_doored_altar, nicolae_overflow_crystal_walls,
          serial_co_window_serial, co_window_corner_a, co_window_paths_b,
          co_window_paths_a, co_window_corner_a, co_window_paths_a,
          co_window_corner_a, co_window_corner_a, co_window_cross_3,
          co_window_of_opportunity_b, co_window_of_opportunity_b,
          co_window_corner_cb, co_window_broadway_c, co_window_4corner_b,
          co_window_paths_d, glass_columns_a, glass_columns_a, glass_columns_b
D:3:      layout_loops_ring, makhleb_heckhound_becter
D:4:      layout_rooms, serial_shops, nicolae_shop_window_shopping,
          first_ration, uniq_pikel
D:5:      layout_loops_ring, lemuel_zombie_altar_yredelemnul,
          gup_sewer_entry_glass, serial_shops,
          nicolae_shop_temple_entry_statues_fountains
D:6:      layout_rooms, vehumet_altar_wand_db, elyvilon_altar_4,
          minmay_temple_entry_statues_fountains
D:7:      layout_basic, grunt_livestock

Skill      XL: |  1  2  3  4  5  6  7  8  9 |
---------------+----------------------------+-----
Polearms       | 3 4 5 6 7 10 11 13 14 | 14.1
Fighting       | 4 |  4.9
Armour         | 4 |  4.9
Shields        | |  3.6

Action                   |  1- 3 |  4- 6 |  7- 9 || total
-------------------------+-------+-------+-------++-------
Melee: Trident           |    91 |   142 |   346 ||   579
       Headbutt          |     8 |     7 |    57 ||    72
  Use: Scroll            |     2 |     1 |     6 ||     9
       Potion            |     3 |     2 |     8 ||    13
  Eat: Chunk             |     1 |     4 |     9 ||    14
Armor: Scale mail        |    22 |    47 |    34 ||   103
       Chain mail        |       |       |    55 ||    55
       Plate armour      |       |       |    15 ||    15
Dodge: Dodged            |    22 |    29 |    52 ||   103
Block: Shield            |    30 |    50 |    72 ||   152
